Map: Lost and Found LE

Players

Ryosis - Winner!

  • Race: Zerg Zerg
  • Spawn Location: 1:00

Okaneby

  • Race: Terran Terran
  • Spawn Location: 7:00

Event: WCS Valencia 2018

VOD

Have the link to the VOD?

Description

Time

  • Played on: July 12, 2018, 7:03 a.m.
  • Length: 11:28

All games in this series

Show
View Real Time Build Order
Export as new Build Order

Ryosis Zerg - Winner!

Build Orders: Hatch First 

Get SALT Encoding   

  12  0:01  Drone  
  13  0:12  Overlord  
  13  0:16  Drone  
  14  0:30  Drone  
  14  0:31  Drone  
  14  0:34  Drone  
  17  0:50  Hatchery  
  17  0:53  Drone  
  17  0:58  Drone  
  18  1:08  Extractor  
  17  1:12  Spawning Pool  
  17  1:15  Drone  
  17  1:18  Drone  
  18  1:28  Drone  
  19  1:39  Overlord  
  19  1:49  Drone  
  20  1:59  Queen  
  20  2:00  Zergling x2  
  23  2:02  Zergling x2, Queen  
  23  2:07  Metabolic Boost  
  26  2:11  Drone  
  26  2:13  Drone  
  28  2:21  Drone  
  29  2:23  Drone  
  30  2:33  Hatchery  
  29  2:40  Queen  
  31  2:44  Overlord  
  31  2:47  Drone  
  31  2:50  Drone  
  33  2:52  Drone  
  33  2:54  Drone  
  33  2:57  Drone  
  36  3:07  Drone x2  
  36  3:08  Zergling x4  
  36  3:11  Overlord  
  40  3:17  Drone  
  40  3:19  Drone  
  42  3:22  Queen  
  44  3:31  Queen  
  44  3:32  Overlord  
  44  3:33  Drone  
  47  3:39  Zergling x4  
  47  3:40  Zergling x4  
  51  3:43  Zergling x2  
  51  3:46  Drone  
  53  3:48  Queen  
  53  3:54  Drone x2  
  56  3:56  Drone  
  56  3:59  Drone x2  
  56  4:00  Drone  
  57  4:03  Drone  
  57  4:05  Drone  
  59  4:10  Queen  
  59  4:11  Drone x2  
  59  4:14  Lair  
  63  4:17  Zergling x4  
  63  4:19  Zergling x2  
  66  4:26  Overlord  
  66  4:28  Baneling Nest  
  66  4:30  Zergling x2  
  66  4:32  Overlord  
  66  4:36  Overlord  
  65  4:42  Overlord  
  65  4:43  Spore Crawler  
  65  4:45  Spore Crawler x2, Drone x3  
  63  4:46  Drone  
  63  4:47  Drone  
  66  4:54  Overlord  
  66  4:55  Drone x3  
  66  4:56  Drone  
  66  4:57  Drone  
  66  4:58  Drone  
  71  5:03  Drone  
  71  5:06  Drone  
  73  5:10  Extractor x2  
  73  5:11  Drone x3  
  73  5:14  Zergling x2  
  75  5:15  Overlord  
  75  5:17  Extractor  
  75  5:18  Extractor  
  75  5:19  Evolution Chamber  
  75  5:20  Drone x2  
  74  5:22  Drone x2  
  74  5:26  Drone x2  
  74  5:27  Drone  
  72  5:29  Drone  
  72  5:35  Zergling x6  
  74  5:38  Drone  
  72  5:42  Drone  
  72  5:43  Drone  
  72  5:47  Centrifical Hooks  
  72  5:48  Zerg Ground Armor Level 1  
  72  5:49  Drone x4  
  77  5:55  Overlord  
  77  5:56  Drone x2  
  78  6:04  Drone  
  78  6:09  Zergling x6  
  82  6:12  Hatchery  
  82  6:14  Drone x2  
  82  6:16  Drone x3  
  86  6:19  Drone  
  86  6:20  Evolution Chamber  
  86  6:23  Drone  
  87  6:25  Zergling x2  
  87  6:27  Baneling x2  
  87  6:28  Baneling x4  
  87  6:30  Zergling x8  
  87  6:31  Baneling x4  
  92  6:33  Zergling x2  
  92  6:34  Zergling x2  
  92  6:38  Overlord  
  92  6:39  Zergling x6  
  97  6:41  Baneling x2  
  97  6:44  Overlord  
  97  6:46  Zergling x6  
  100  6:50  Drone x2  
  101  6:55  Hydralisk Den  
  101  6:59  Drone  
  99  7:02  Zergling x14  
  104  7:09  Baneling x2  
  104  7:10  Zerg Melee Weapons Level 1  
  104  7:11  Overlord  
  104  7:13  Drone x2  
  104  7:14  Hatchery  
  105  7:16  Drone  
  105  7:19  Overlord  
  105  7:24  Drone  
  105  7:25  Baneling x2  
  105  7:26  Muscular Augments  
  105  7:28  Hydralisk x3  
  105  7:29  Overlord  
  112  7:33  Hydralisk  
  112  7:34  Hydralisk  
  116  7:42  Hydralisk x4  
  120  7:46  Zergling x2  
  120  7:47  Zergling x8  
  120  7:49  Baneling  
  120  7:50  Baneling x2  
  125  7:51  Zergling x2  
  127  7:58  Zergling x8  
  127  8:00  Overlord  
  127  8:01  Zergling x2  
  127  8:05  Zergling x12  
  130  8:07  Baneling x10  
  130  8:11  Baneling x13  
  130  8:12  Baneling  
  130  8:13  Zergling x4  
  130  8:16  Zergling x2  
  130  8:17  Zergling x6  
  136  8:21  Zergling x4  
  136  8:22  Zergling x4  
  136  8:26  Zergling x10  
  139  8:31  Zergling x14  
  146  8:34  Zergling x2  
  139  8:42  Grooved Spines  
  139  8:44  Drone x2  
  139  8:45  Drone x2  
  139  8:48  Extractor  
  142  8:50  Zergling x8  
  142  8:53  Infestation Pit  
  142  8:54  Extractor, Hatchery  
  143  8:55  Zerg Ground Armor Level 2  
  143  8:58  Zergling x4  
  143  9:01  Baneling  
  143  9:02  Baneling x5  
  142  9:04  Zergling x4  
  142  9:07  Baneling x7  
  143  9:12  Drone  
  143  9:13  Drone  
  145  9:26  Overlord, Zergling x2  
  145  9:27  Zergling x22  
  145  9:28  Overlord  
  145  9:31  Zergling x4  
  157  9:33  Overlord  
  157  9:35  Overlord  
  157  9:38  Hive  
  157  9:43  Overlord x2  
  157  9:47  Baneling  
  157  9:48  Baneling x13  
  157  9:50  Zergling x2  
  157  9:51  Zergling x4  
  157  9:55  Overlord  
  157  10:00  Spire, Drone x3  
  157  10:05  Zergling x12  
  159  10:08  Zergling x6  
  156  10:19  Zergling x2  
  156  10:20  Zergling x20  
  159  10:30  Pneumatized Carapace  
  159  10:31  Overlord  
  159  10:32  Baneling  
  159  10:33  Baneling x5  
  159  10:34  Zergling x10  
  164  10:36  Baneling x5  
  164  10:37  Baneling x2  
  164  10:38  Baneling  
  164  10:39  Baneling  
  164  10:41  Zergling x6  
  167  10:45  Zergling x8  
  167  10:49  Zergling x10  
  176  10:55  Hydralisk x3  
  182  11:02  Zergling x12  
  182  11:09  Zergling x14  
Show
View Real Time Build Order
Export as new Build Order

Okaneby Terran 

Build Orders: Reaper Expand, MMM Bio 

Get SALT Encoding   

  12  0:01  SCV  
  13  0:13  SCV  
  14  0:20  Refinery  
  14  0:25  SCV  
  15  0:33  Supply Depot  
  15  0:55  SCV  
  16  0:57  Barracks  
  16  1:07  SCV  
  17  1:19  SCV  
  18  1:32  SCV  
  19  1:45  Reaper  
  20  1:47  Orbital Command  
  20  1:52  Command Center  
  20  2:02  Factory  
  20  2:12  Supply Depot  
  20  2:13  SCV  
  21  2:17  Barracks Reactor  
  21  2:23  Refinery  
  21  2:25  SCV  
  22  2:37  SCV  
  23  2:59  SCV  
  23  3:02  Starport  
  23  3:03  Barracks Tech Lab  
  28  3:05  Hellion x2  
  28  3:06  Orbital Command  
  28  3:11  SCV  
  29  3:22  Stimpack, Marine  
  29  3:24  SCV  
  31  3:28  Hellion x2  
  31  3:32  SCV  
  36  3:42  SCV  
  36  3:43  Marine  
  36  3:44  SCV  
  36  3:46  Viking  
  41  3:53  Supply Depot  
  40  4:05  SCV x2  
  42  4:14  Barracks  
  42  4:15  Barracks  
  42  4:16  Factory Reactor  
  42  4:17  SCV  
  42  4:19  SCV  
  42  4:20  Supply Depot x2  
  42  4:21  Marine  
  42  4:22  Starport Reactor  
  45  4:29  SCV  
  45  4:31  SCV  
  47  4:41  SCV  
  48  4:48  SCV  
  48  4:52  Engineering Bay x2  
  49  4:53  SCV  
  49  4:55  Marine  
  51  5:00  SCV  
  51  5:05  SCV  
  51  5:06  Factory Tech Lab  
  53  5:09  Barracks Reactor  
  53  5:12  SCV  
  54  5:16  Marine x4  
  54  5:18  SCV  
  59  5:25  SCV  
  58  5:30  SCV, Marine  
  58  5:31  Medivac x2, Siege Tank  
  58  5:34  Marine x2  
  69  5:38  SCV  
  70  5:44  Marine  
  70  5:48  Terran Infantry Weapons Level 1  
  70  5:50  Marine x2  
  70  5:51  SCV, Command Center  
  70  5:52  Marine x2  
  70  5:54  Terran Infantry Armor Level 1  
  70  5:56  Refinery x2  
  75  5:59  Supply Depot  
  75  6:02  Marine  
  76  6:08  Marine x2  
  78  6:19  Supply Depot  
  78  6:20  Marine x3  
  78  6:21  SCV x2, Siege Tank  
  78  6:23  Armory  
  86  6:29  Marine x2  
  88  6:33  SCV x2  
  88  6:38  Marine x2  
  88  6:39  Marine  
  93  6:41  Medivac  
  95  6:47  Marine  
  95  6:50  Marine  
  96  6:56  Marine x2  
  98  7:02  Marine  
  98  7:03  Siege Tank  
  98  7:05  Marine  
  98  7:08  Marine  
  104  7:10  SCV x2  
  104  7:11  Medivac  
  104  7:14  Marine x2  
  110  7:20  Marine  
  111  7:23  Marine  
  111  7:26  Marine  
  113  7:32  Medivac, Marine x2, Orbital Command  
  117  7:44  Combat Shields  
  117  7:53  Barracks  
  117  7:54  Barracks  
  117  8:02  Marine x2  
  117  8:03  Marine x3  
  117  8:14  Orbital Command  
  117  8:21  Marine  
  117  8:22  Marine x2  
  117  8:24  Marine x2  
  117  8:37  Medivac  
  117  8:38  Siege Tank  
  116  8:42  Terran Infantry Weapons Level 2, Terran Infantry Armor Level 2  
  113  8:51  Supply Depot  
  113  8:54  Supply Depot  
  113  8:55  Barracks Reactor  
  113  8:56  Barracks Reactor  
  113  9:03  Marine x2  
  113  9:04  SCV x2  
  117  9:12  Medivac x2  
  117  9:13  SCV, Siege Tank  
  117  9:16  SCV x2, Marine x3  
  130  9:21  Marine x2  
  132  9:25  SCV  
  132  9:28  Supply Depot, SCV x2  
  132  9:31  Supply Depot  
  131  9:32  Marine x2  
  131  9:33  Marine x4  
  132  9:39  SCV  
  133  9:46  SCV  
  133  9:47  Marine  
  133  9:50  Supply Depot  
  133  9:51  Supply Depot  
  133  9:52  Supply Depot, SCV x2, Marine x3, Siege Tank  
  141  10:04  Factory  
  141  10:06  Marine x3  
  141  10:09  Marine  
  141  10:10  Marine  
  141  10:11  Marine x2  
  139  10:19  Marine x2  
  138  10:24  Marine x3  
  138  10:25  Medivac, Siege Tank  
  138  10:26  SCV, Medivac, Marine  
  138  10:27  SCV  
  138  10:28  SCV, Marine  
  140  10:35  Marine x2  
  140  10:36  Marine  
  140  10:39  SCV x2  
  140  10:40  Supply Depot  
  145  10:47  Marine x4  
  149  10:51  SCV x3  
  149  10:54  Supply Depot  
  149  10:55  Supply Depot  
  149  10:56  Supply Depot  
  152  10:57  Marine  
  152  10:58  Marine x2  
  141  11:08  SCV x2  
  141  11:10  Marine x3  
Tags
 
Add a new tag
Caveats
  • Supply blocks, unpowered buildings, or Contaminate may cause inaccurate times.
  • Supply counts are checked every 10 seconds.